 Dungeon Crawl Stone Soup version 0.31-a0-703-gcfe89afef6 (webtiles) character file.

Game seed: 12823131926653974682

554 qw the Shooter (level 7, 0/43 HPs)
             Began as a Gargoyle Hunter on Sept 8, 2023.
             Was an Initiate of Okawaru.
             Slain by Duvessa
             ... wielding a +0 short sword
              (5 damage)
             ... on level 5 of the Dungeon.
             The game lasted 00:01:26 (3668 turns).

qw the Shooter (Gargoyle Hunter)                    Turns: 3668, Time: 00:01:26

Health: 0/43       AC: 14    Str: 14    XL:     7   Next: 30%
Magic:  7/7        EV: 11    Int: 14    God:    Okawaru [......]
Gold:   202        SH:  0    Dex: 15    Spells: 6/6 levels left

rFire   . . .        Y - +0 shortbow
rCold   . . .        (shield currently unavailable)
rNeg    + . .        o - +0 ring mail
rPois   inf          c - +2 helmet of the Blind Marksman {Int+4 SInv}
rElec   +            f - +0 cloak
rCorr   .            (no gloves)
SInv    +            (no boots)
Will    .....        a - amulet of the acrobat
Stlth   +            m - +4 ring of slaying {mikee}
HPRegen 0.27/turn    (no ring)
MPRegen 0.10/turn

%: acrobat
@: no status effects
A: sickness immunity, AC +4, negative energy resistance 1, electricity
resistance, torment resistance 1, petrification resistance, sturdy frame 1
a: Renounce Religion


You were on level 5 of the Dungeon.
You worshipped Okawaru.
Okawaru was noncommittal.
You visited 2 branches of the dungeon, and saw 6 of its levels.

You collected 202 gold pieces.


Innate Abilities, Weirdness & Mutations

You are immune to sickness and miasma.
Your stone body is resilient. (AC +4)
You are immune to poison.
You resist negative energy. (rN+)
You are resistant to electric shocks. (rElec)
You are resistant to unholy torment.
You are immune to petrification.
Your movements are slightly less encumbered by armour. (ER -2)


   Skills:
 - Level 4.2 Fighting
 + Level 7.6 Ranged Weapons
 - Level 2.0 Armour
 - Level 1.5 Dodging
 - Level 1.1 Stealth


You had 6 spell levels left.
You didn't know any spells.
Your spell library was empty.

Inventory:

Hand Weapons
 Y - a +0 shortbow (weapon)
Armour
 c - the +2 helmet of the Blind Marksman (worn) {Int+4 SInv}
   (You found it on level 5 of the Dungeon)

   Int+4:     It affects your intelligence (+4).
   SInv:      It lets you see invisible.
 f - a +0 cloak (worn)
 o - a +0 ring mail (worn)
Jewellery
 a - an amulet of the acrobat (around neck)
 m - a +4 ring of slaying (left hand) {mikee}
Scrolls
 e - a scroll of identify
 k - a scroll of vulnerability {unknown}
Potions
 b - a potion of lignification {unknown}
 d - a potion of mutation
 g - a potion of brilliance {unknown}
 h - a potion of heal wounds {unknown}
 i - a potion of enlightenment
 j - a potion of curing {unknown}
 n - 3 potions of might

Dungeon Overview and Level Annotations

Branches:
Dungeon (5/15)             Temple (1/1) D:5

Altars:
Ashenzari
Cheibriados
Dithmenos
Elyvilon
Fedhas
Gozag
Kikubaaqudgha
Okawaru
Qazlal
Ru
Sif Muna
Trog
Uskayaw
Vehumet
Yredelemnul
Zin
The Shining One

Shops:
D:2 ((:

Annotations:
D:5 Duvessa


Message History

Found a potion of attraction.
You shoot an arrow. The arrow hits Duvessa.
Duvessa shouts!
Duvessa is lightly wounded.
Dowan, Brother of Duvessa comes into view.
He is wielding a +0 dagger.
You shoot an arrow. The arrow barely misses Duvessa.
You shoot an arrow. The arrow barely misses Duvessa.
Duvessa misses you.
You shoot an arrow. The arrow completely misses Duvessa.
The arrow hits Dowan!
Dowan is moderately wounded.
Duvessa hits you but does no damage.
You shoot an arrow. The arrow hits Duvessa.
Duvessa is lightly wounded.
You shoot an arrow. The arrow closely misses Dowan.
Duvessa hits you but does no damage. Dowan casts a spell at you.
The puff of flame hits you.
You shoot an arrow. The arrow hits Dowan.
Dowan is heavily wounded.
Duvessa hits you with a +0 short sword. Dowan hits you but does no damage.
You shoot an arrow. The arrow completely misses Dowan.
Duvessa hits you with a +0 short sword. Dowan hits you with a +0 dagger.
You shoot an arrow. The arrow hits Dowan.
Dowan is heavily wounded.
Duvessa hits you with a +0 short sword. Dowan barely misses you.
You shoot an arrow. The arrow hits Dowan.
Dowan is severely wounded.
Duvessa hits you but does no damage. Dowan barely misses you.
Duvessa hits you with a +0 short sword. Dowan hits you but does no damage.
You shoot an arrow. The arrow hits Dowan!
You kill Dowan!
Okawaru accepts your kill.
Duvessa screams in rage.
Duvessa goes berserk!
Duvessa hits you but does no damage.
You shoot an arrow.
The arrow hits Duvessa but does no damage.
Duvessa is lightly wounded.
Duvessa hits you with a +0 short sword! Duvessa hits you with a +0 short sword.
You die...

... ...######### .
...........# .!
.........## ...
#.......# ....
######.......# .....
#............#
......#...##......##
......)@..##......#
......#e..........######
..... #...........##...#
.... #...%.....)......[
... #...##............
...####...##............
..........#.............
........<.#.............
.......(%.#.............


You could see Duvessa (berserk).

Vanquished Creatures
  2 scorpions (D:5)
  Dowan (D:5)
  3 hounds
  A jelly (D:4)
  An orc priest (D:3)
  A sleepcap (D:4)
  Ijyb (D:5)
  An iguana (D:5)
  An orc wizard (D:3)
  6 adders
  3 worms
  2 dart slugs (D:4)
  6 orcs
  4 ball pythons
  7 endoplasms
  4 giant cockroaches
  5 goblins
  3 hobgoblins
  4 jackals (D:5)
  2 quokkas
  6 bats
  3 frilled lizards
  6 kobolds
  3 rats
76 creatures vanquished.

Notes
Turn   | Place    | Note
-------+----------+-------------------------------------------
     0 | D:1      | qw the Gargoyle Hunter began the quest for the Orb.
     0 | D:1      | Reached XP level 1. HP: 12/12 MP: 1/1
     0 | D:1      | 0 ||| qw: Version: 0.3-a-76-g4403597
     0 | D:1      | 0 ||| qw: Game counter: 1275
     0 | D:1      | 0 ||| qw: Melee chars always use a shield: true
     0 | D:1      | 0 ||| qw: God list: Okawaru
     0 | D:1      | 0 ||| qw: Allow faded altars: false
     0 | D:1      | 0 ||| qw: Do Orc after clearing Dungeon:15 true
     0 | D:1      | 0 ||| qw: Do second Lair branch before Depths: true
     0 | D:1      | 0 ||| qw: Lair rune preference: random
     0 | D:1      | 0 ||| qw: Goals: Normal
     0 | D:1      | 0 ||| PLANNING D:1-11
   100 | D:1      | Reached XP level 2. HP: 17/17 MP: 2/2
   513 | D:1      | Reached XP level 3. HP: 21/21 MP: 3/3
   591 | D:1      | Reached skill level 5 in Ranged Weapons
   661 | D:1      | 661 ||| UPGRADING to +0 cloak.
   666 | D:1      | 666 ||| READING scroll labelled NAMOME HOKADEMP.
   667 | D:1      | 667 ||| READING scroll labelled OJIREYMMOATHE.
   668 | D:1      | 668 ||| READING scroll labelled COJAENNOISU.
   669 | D:1      | 669 ||| DROPPING scroll of butterflies.
   849 | D:2      | Found a broken altar of Ashenzari.
   992 | D:2      | Found Codifuph's Weapon Boutique.
  1016 | D:2      | 1016 ||| SHOPLISTING +2 sling of Defence by Offence {flame,
                  | Will+ Str+3 Dex+3} (492 gold, have 60).
  1042 | D:2      | Reached skill level 3 in Fighting
  1048 | D:2      | Found Xaotroo's Book Shoppe.
  1140 | D:2      | Found Jecruyf's Antique Weapon Boutique.
  1145 | D:2      | 1145 ||| SHOPLISTING faintly glowing sling (123 gold, have
                  | 60).
  1250 | D:2      | 1250 ||| READING scroll labelled XILLIO FYECLU.
  1340 | D:3      | Reached XP level 4. HP: 28/28 MP: 4/4
  1734 | D:3      | HP: 7/28 [something/puff of flame (5)]
  1740 | D:3      | HP: 4/28 [something (3)]
  1742 | D:3      | Reached XP level 5. HP: 3/32 MP: 5/5
  1972 | D:3      | Reached skill level 6 in Ranged Weapons
  2164 | D:3      | 2164 ||| READING scroll labelled AQOMUI ATUHY.
  2165 | D:3      | 2165 ||| DRINKING 2 fuming grey potions.
  2165 | D:3      | Gained mutation: Your movements are slightly less
                  | encumbered by armour. (ER -2) [potion of mutation]
  2166 | D:3      | 2166 ||| DRINKING 2 ruby potions.
  2167 | D:3      | 2167 ||| READING 2 scrolls of identify.
  2167 | D:3      | 2167 ||| IDENTIFYING fuming orange potion
  2168 | D:3      | 2168 ||| DROPPING potion of ambrosia.
  2433 | D:4      | Reached skill level 1 in Armour
  2661 | D:4      | Reached XP level 6. HP: 16/38 MP: 6/6
  3187 | D:4      | 3187 ||| UPGRADING to +0 ring mail.
  3197 | D:4      | 3197 ||| DROPPING +0 leather armour.
  3198 | D:4      | 3198 ||| UPGRADING to amulet of the acrobat.
  3203 | D:4      | 3203 ||| DROPPING amulet of guardian spirit.
  3204 | D:4      | 3204 ||| UPGRADING to +4 ring of slaying {mikee}.
  3205 | D:4      | 3205 ||| READING scroll labelled LASIYGE HUENG.
  3206 | D:4      | 3206 ||| READING scroll labelled WOXOACARAX.
  3236 | D:4      | 3236 ||| DRINKING 3 fuming purple potions.
  3274 | D:5      | Entered Level 5 of the Dungeon
  3294 | D:5      | Identified the +2 helmet of the Blind Marksman {Int+4 SInv}
  3314 | D:5      | Noticed Ijyb
  3324 | D:5      | Killed Ijyb
  3325 | D:5      | 3325 ||| FLEEEEING.
  3326 | D:5      | 3326 ||| FLEEEEING.
  3327 | D:5      | 3327 ||| FLEEEEING.
  3328 | D:5      | 3328 ||| FLEEEEING.
  3329 | D:5      | 3329 ||| FLEEEEING.
  3330 | D:5      | 3330 ||| FLEEEEING.
  3331 | D:5      | 3331 ||| FLEEEEING.
  3332 | D:5      | 3332 ||| FLEEEEING.
  3333 | D:5      | 3333 ||| FLEEEEING.
  3334 | D:5      | 3334 ||| FLEEEEING.
  3335 | D:5      | 3335 ||| FLEEEEING.
  3336 | D:5      | 3336 ||| FLEEEEING.
  3337 | D:5      | 3337 ||| FLEEEEING.
  3338 | D:5      | 3338 ||| FLEEEEING.
  3339 | D:5      | 3339 ||| FLEEEEING.
  3340 | D:5      | 3340 ||| FLEEEEING.
  3341 | D:5      | 3341 ||| STAIRDANCE
  3391 | D:4      | 3391 ||| UPGRADING to +2 helmet of the Blind Marksman
                  | {Int+4 SInv}.
  3396 | D:4      | 3396 ||| DRINKING 2 murky inky potions.
  3397 | D:4      | 3397 ||| DROPPING potion of attraction.
  3439 | D:5      | Found an ancient bone altar of Kikubaaqudgha.
  3464 | D:5      | Found a glowing golden altar of the Shining One.
  3540 | D:5      | Reached skill level 7 in Ranged Weapons
  3540 | D:5      | Reached XP level 7. HP: 43/43 MP: 7/7
  3562 | D:5      | Found a staircase to the Ecumenical Temple.
  3563 | D:5      | 3563 ||| PLANNING TEMPLE
  3571 | Temple   | Entered the Ecumenical Temple
  3572 | Temple   | 3572 ||| PLANNING OKAWARU WORSHIP
  3576 | Temple   | Became a worshipper of Warmaster Okawaru
  3577 | Temple   | 3577 ||| PLANNING D:1-11
  3656 | D:5      | Noticed Duvessa
  3657 | D:5      | Noticed Dowan
  3667 | D:5      | Killed Dowan
  3668 | D:5      | HP: 5/43 [Duvessa/+0 short sword (9)]
  3668 | D:5      | Slain by Duvessa

Levels and vault maps discovered:
D:1:      dpeg_arrival_erosion, layout_loops_ring
D:2:      layout_basic, serial_shops, nicolae_shop_hallway_plus, shop, shop,
          basic_altar
D:3:      layout_loops_cross, minmay_tree_intersection
D:4:      layout_basic, kennysheep_generic_room_6
D:5:      layout_gridville, mainiacjoe_overflow_six_doors_small,
          kiku_gazebo_pond_becter, temple_fountains, serial_shops,
          nicolae_take_the_stairs, chequers_serial_rivers_micro_b,
          corexii_leaking_fountain, uniq_duvessa, uniq_ijyb, uniq_pikel
Temple:   minmay_freezing_vapour_temple

Skill      XL: |  1  2  3  4  5  6  7 |
---------------+----------------------+-----
Ranged Weapons | 5 6 7 |  7.6
Fighting       | 3 4 |  4.2
Armour         | 1 2 |  2.0
Dodging        | |  1.5
Stealth        | |  1.1

Action                     |  1- 3 |  4- 6 |  7- 9 || total
---------------------------+-------+-------+-------++-------
   Fire: Shortbow          |   111 |   199 |    22 ||   332
    Use: Scroll            |     4 |     4 |       ||     8
         Potion            |       |     4 |       ||     4
 Armour: Leather armour    |    28 |    75 |       ||   103
         Ring mail         |       |     8 |    20 ||    28
  Dodge: Dodged            |    38 |    57 |     6 ||   101

Table legend:
 A = Non-vault XP
 B = Vault XP
 C = Vault XP percentage of total XP
 D = Non-vault monster count
 E = Vault monster count
 F = Vault count percentage of total count
                 A         B        C        D         E       F
            +---------+---------+-------+---------+---------+-------
      Total |     645 |     147 |  18.6 |      72 |       4 |   5.3
            +---------+---------+-------+---------+---------+-------
        D:1 |      39 |       0 |   0.0 |      24 |       0 |   0.0
        D:2 |      41 |       0 |   0.0 |       9 |       0 |   0.0
        D:3 |     158 |       0 |   0.0 |      17 |       0 |   0.0
        D:4 |     127 |      42 |  24.9 |      12 |       2 |  14.3
        D:5 |     280 |     105 |  27.3 |      10 |       2 |  16.7
            +---------+---------+-------+---------+---------+-------
